cohdb
Replays
Latest Replays
All Replays
Popular Replays
Top Player Replays
Match Explorer
How It Works
Community
CoH3 Stats
Reddit
Sign in to upload your games and track your stats! →
Sign in with Steam
Match 45357510
Unlisted
Match 45357510
Overview
Messages
Build Orders
End
Pioneer Squad
Construct Infanterie Kompanie
Selects Terror Battlegroup
MG 42 Machine Gun Team
MG 42 Machine Gun Team
Selects Machine Gun Camouflage
MG 42 Machine Gun Team
MG 42 Machine Gun Team
Medical Station
Infanterie Officer Quarters
Construct Panzergrenadier Kompanie
Pak 40 Anti-tank Gun Team
Pioneer Squad
251 Medium Carrier
MG 42 Machine Gun Team
Selects Defend the Fatherland
Construct Panzer Kompanie
Pak 40 Anti-tank Gun Team
Pioneer Squad
Sturmpanzer IV Brummbär
Pioneer Squad
Grenadier Squad
Stoßtruppen Squad
Panzer IV Medium Tank
Selects King Tiger Heavy Tank
T.R. sidewinder GBE
flyingpancake
Toad in a Sandwich
Skeng.Tecnica.International
Rather Splendid Cromwell
N7 SHARK
0
0
Comments
sign in to comment!
No comments posted yet!